 Dungeon Crawl Stone Soup version 0.23.2-33-g5129a83184 (webtiles) character file.

Game seed: 246154896365125520

245 Derp the Slasher (level 5, -21/40 HPs)
             Began as a Demonspawn Gladiator on July 23, 2019.
             Was a Follower of Dithmenos.
             Demolished by an ogre
             ... wielding a +0 giant club
              (32 damage)
             ... on level 2 of the Dungeon.
             The game lasted 00:06:23 (2406 turns).

Derp the Slasher (Demonspawn Gladiator)             Turns: 2406, Time: 00:06:24

Health: -21/40     AC:  3    Str: 14    XL:     5   Next: 84%
Magic:  5/5        EV: 13    Int: 10    God:    Dithmenos [*.....]
Gold:   126        SH:  0    Dex: 15    Spells: 4/4 levels left

rFire    + . .     SeeInvis .   a - +0 long sword
rCold    x . .     Gourm    .   (no shield)
rNeg     . . .     Faith    .   b - +0 leather armour
rPois    .         Spirit   .   (helmet restricted)
rElec    .         Reflect  .   (no cloak)
rCorr    .         Harm     +   (no gloves)
MR       .....                  (no boots)
Stlth    +.........             g - amulet of harm
HPRegen  0.13/turn              k - ring of fire
MPRegen  0.09/turn              u - ring of flight

@: wreathed by umbra, drained
A: antennae 1
a: Renounce Religion, Evoke Flight


You were on level 2 of the Dungeon.
You worshipped Dithmenos.
Dithmenos was aware of your devotion.
You were not hungry.

You visited 1 branch of the dungeon, and saw 3 of its levels.

You collected 126 gold pieces.

Inventory:

Hand Weapons
 a - a +0 long sword (weapon)
Missiles
 d - 3 throwing nets (quivered)
Armour
 b - a +0 leather armour (worn)
 c - a +0 helmet
Jewellery
 g - an amulet of harm (around neck)
 k - a ring of fire (left hand)
 u - a ring of flight (right hand)
 v - an uncursed amulet of guardian spirit {unknown}
Scrolls
 h - a scroll of teleportation {unknown}
 i - a scroll of remove curse {unknown}
 m - 3 scrolls of identify {unknown}
 o - a scroll of enchant armour {unknown}
 q - a scroll of magic mapping {unknown}
 t - a scroll of random uselessness {unknown}
Potions
 e - 2 potions of heal wounds {unknown}
 j - 2 potions of haste {unknown}
 l - 2 potions of invisibility {unknown}
 n - 3 potions of curing {unknown}
 p - 2 potions of agility
 r - a potion of brilliance {unknown}
 s - 2 potions of lignification {unknown}
Comestibles
 f - 8 rations


   Skills:
 + Level 2.9(2.2) Fighting
 + Level 4.5(3.8) Long Blades
 + Level 2.0(1.3) Throwing
 + Level 1.7(1.0) Armour
 + Level 3.5(2.8) Dodging
 + Level 0.5(0.0) Stealth


You had 4 spell levels left.
You didn't know any spells.
Your spell library was empty.

Dungeon Overview and Level Annotations

Branches:
Dungeon (3/15)

Altars:
Dithmenos
Fedhas


Innate Abilities, Weirdness & Mutations

You have a pair of small antennae on your head.


Message History

The ogre closely misses you.
You hit the ogre.
The ogre is moderately wounded.
The ogre hits you with a +0 giant club!!
Ouch! That really hurt!
* * * LOW HITPOINT WARNING * * *
The orc wizard gestures wildly while chanting.
The orc wizard seems to speed up.
There is a stone staircase leading up here.
The ogre barely misses you.
You riposte.
You closely miss the ogre.
The ogre is moderately wounded.
You climb upwards.
Reactivating autopickup.
There is a stone staircase leading down here.
Okay, then.
You hit the ogre.
The ogre is heavily wounded.
The ogre hits you with a +0 giant club!!
Ouch! That really hurt!
You die...

.##..#...#.......#
#.#.# #.#
.#.............#.#
#.#.# #.#
.#⌠............#.#
#.#.# #.#
.#.............#.#
#.#.######.#
.##..#...#..#..#.#
#.#........#
.###........#....#
#.##########
..#########.#....# #.#
#...........#..O.# #.#
..###########...@# #.#
...............#.# #.#
..##########...#.###.#
.....................#
#..............#######
#.............##
#.........#####
#.........#
#.........#


You could see an ogre.

Vanquished Creatures
  An ogre (D:2)
  2 orc priests (D:2)
  An adder (D:2)
  2 worms (D:2)
  A dart slug (D:1)
  3 orcs (D:2)
  A ball python (D:2)
  5 giant cockroaches
  7 goblins
  8 hobgoblins
  14 jackals
  3 quokkas
  6 bats
  3 frilled lizards
  6 kobolds
  11 rats
74 creatures vanquished.

Notes
Turn   | Place    | Note
-------+----------+-------------------------------------------
     0 | D:1      | Derp the Demonspawn Gladiator began the quest for the Orb.
     0 | D:1      | Reached XP level 1. HP: 16/16 MP: 1/1
    99 | D:1      | Gained mutation: You have a pair of small antennae on your
                  | head. [demonic ancestry]
    99 | D:1      | Reached XP level 2. HP: 14/22 MP: 2/2
   148 | D:1      | Reached skill level 3 in Long Blades
   442 | D:2      | Found a shadowy altar of Dithmenos.
   449 | D:2      | Noticed an ogre
   452 | D:2      | Became a worshipper of Dithmenos the Shadowed
   459 | D:2      | Killed an ogre
   459 | D:2      | Reached skill level 1 in Armour
   459 | D:2      | Reached XP level 3. HP: 10/28 MP: 3/3
   459 | D:2      | Reached XP level 4. HP: 12/34 MP: 4/4
  1049 | D:2      | Found a blossoming altar of Fedhas.
  1059 | D:2      | HP: 1/34 [orc priest/divine providence (14)]
  1077 | D:2      | HP: 1/34 [orc/+0 mace (2)]
  1375 | D:2      | Reached XP level 5. HP: 25/39 MP: 5/5
  1444 | D:2      | Reached skill level 4 in Long Blades
  1450 | D:2      | Reached * piety under Dithmenos
  2364 | D:3      | Noticed an ogre
  2406 | D:2      | Demolished by an ogre

Skill      XL: |  1  2  3  4  5 |
---------------+----------------+-----
Long Blades    | 3 4 |  4.5
Throwing       | 2 |  2.0
Dodging        | 3 |  3.5
Armour         | 1 |  1.7
Fighting       | |  2.9
Stealth        | |  0.5

Action                   |  1- 3 |  4- 6 || total
-------------------------+-------+-------++-------
Melee: Long sword        |    62 |   135 ||   197
 Stab: Sleeping          |       |     4 ||     4
  Eat: Ration            |       |     2 ||     2
Armor: Leather armour    |    20 |    32 ||    52
Dodge: Dodged            |    75 |   108 ||   183
       Rpst.: Long sword |    25 |    43 ||    68
